TOP OF THE 1ST |
New York Knights batting - Pitching for Niagara Falls Frenzy : RHP Otis Sykes
|
Pitching: RHP Otis Sykes
|
|
Batting: LHB Dan Hamilton
|
0-0: Foul Ball, location: 2F 0-1: Called Strike 0-2: Ball 1-2: Foul Ball, location: 2F 1-2: Ball 2-2: Ball 3-2: Base on Balls
|
Batting: RHB Pepe Carrasco
|
0-0: Ball 1-0: Called Strike 1-1: Foul Ball, location: 2F 1-2: Ball 2-2: SINGLE (Groundball, 56D) Dan Hamilton to second
|
Batting: LHB Warren Potter
|
0-0: Called Strike 0-1: Fly out, F2 (Popup, 23)
|
Batting: RHB Vic Langlois
|
0-0: Called Strike Dan Hamilton steals 3rd base Pepe Carrasco to second 0-1: Foul Ball, location: 2F 0-2: Hit by Pitch
|
Batting: RHB Lonnie Anderson
|
0-0: Called Strike 0-1: Ball 1-1: Foul Ball, location: 2F 1-2: Strikes out looking
|
Batting: RHB Felipe Rodríguez
|
0-0: Swinging Strike 0-1: Ground out 6-3 (Groundball, 6S)
|
Top of the 1st over - 0 run(s), 1 hit(s), 0 error(s), 3 left on base; New York 0 - Niagara Falls 0 |
BOTTOM OF THE 1ST |
Niagara Falls Frenzy batting - Pitching for New York Knights : RHP Elton Johnston
|
Pitching: RHP Elton Johnston
|
|
Batting: RHB Kel Pierce
|
0-0: Foul Ball, location: 2F 0-1: Ball 1-1: Bunt for hit - play at first, batter safe!
|
Batting: RHB Zander Tremblett
|
0-0: Ball 1-0: Called Strike Kel Pierce is caught stealing 2nd base 1-1: Ball 2-1: Ball 3-1: Base on Balls
|
Batting: RHB Troy Lau
|
0-0: Swinging Strike 0-1: Called Strike 0-2: Strikes out looking
|
Batting: LHB Clyde Yarbrough
|
0-0: Foul Ball, location: 2F 0-1: Ball 1-1: Ball 2-1: Swinging Strike 2-2: Fielders Choice at 2nd, 4-6 (Groundball, 34)
|
Bottom of the 1st over - 0 run(s), 1 hit(s), 0 error(s), 0 left on base; New York 0 - Niagara Falls 0 |
TOP OF THE 2ND |
New York Knights batting - Pitching for Niagara Falls Frenzy : RHP Otis Sykes
|
Batting: RHB Ron Shelton
|
0-0: Ball 1-0: Ball 2-0: Ball 3-0: Called Strike 3-1: Swinging Strike 3-2: Strikes out looking
|
Batting: LHB Mike Harris
|
0-0: Ground out 3-1 (Groundball, 34)
|
Batting: RHB Jacob Pope
|
0-0: Ground out 4-3 (Groundball, 4)
|
Top of the 2nd over - 0 run(s), 0 hit(s), 0 error(s), 0 left on base; New York 0 - Niagara Falls 0 |
BOTTOM OF THE 2ND |
Niagara Falls Frenzy batting - Pitching for New York Knights : RHP Elton Johnston
|
Batting: RHB Anastasio Villa
|
0-0: Ball 1-0: Ground out 6-3 (Groundball, 6M)
|
Batting: LHB Yasuhiko Onodera
|
0-0: Called Strike 0-1: Ball 1-1: Swinging Strike 1-2: Ground out 1-3 (Groundball, 13S)
|
Batting: SHB Héctor Padilla
|
0-0: Called Strike 0-1: SINGLE (Groundball, 4D)
|
Batting: RHB Jung-ha Kim
|
0-0: Ball 1-0: Called Strike Héctor Padilla is caught stealing 2nd base
|
Bottom of the 2nd over - 0 run(s), 1 hit(s), 0 error(s), 0 left on base; New York 0 - Niagara Falls 0 |
TOP OF THE 3RD |
New York Knights batting - Pitching for Niagara Falls Frenzy : RHP Otis Sykes
|
Batting: LHB Dan Hamilton
|
0-0: Ball 1-0: SINGLE (Flyball, 89S)
|
Batting: RHB Pepe Carrasco
|
0-0: Ball Dan Hamilton steals 2nd base 1-0: DOUBLE (Flyball, 78D) Dan Hamilton scores
|
Batting: LHB Warren Potter
|
0-0: Ball 1-0: Called Strike 1-1: Ball 2-1: Foul Ball, location: 2F 2-2: Ball 3-2: Foul Ball, location: 2F 3-2: Strikes out swinging
|
Batting: RHB Vic Langlois
|
0-0: Swinging Strike 0-1: Called Strike 0-2: Fly out, F9 (Flyball, 9LMF)
|
Batting: RHB Lonnie Anderson
|
0-0: Called Strike 0-1: Foul Ball, location: 2F 0-2: SINGLE (Groundball, 2R) (infield hit) Pepe Carrasco to third
|
Batting: RHB Felipe Rodríguez
|
0-0: Called Strike 0-1: Ball 1-1: Ball 2-1: Called Strike 2-2: Ball 3-2: SINGLE (Line Drive, 78S) Pepe Carrasco scores Lonnie Anderson to second Lonnie Anderson to third
|
Batting: RHB Ron Shelton
|
0-0: Called Strike 0-1: Ball 1-1: Ball 2-1: Ball 3-1: Fielders Choice at 2nd, U4 (Groundball, 4M)
|
Top of the 3rd over - 2 run(s), 4 hit(s), 0 error(s), 2 left on base; New York 2 - Niagara Falls 0 |
BOTTOM OF THE 3RD |
Niagara Falls Frenzy batting - Pitching for New York Knights : RHP Elton Johnston
|
Batting: RHB Jung-ha Kim
|
0-0: Called Strike 0-1: Ball 1-1: Ball 2-1: Foul Ball, location: 2F 2-2: Foul Ball, location: 2F 2-2: Strikes out swinging
|
Batting: RHB Tomás Estrada
|
0-0: Foul Ball, location: 2F 0-1: Swinging Strike 0-2: Ball 1-2: Ground out 4-3 (Groundball, 34)
|
Batting: RHB Kel Pierce
|
0-0: Called Strike 0-1: Ball 1-1: Ball 2-1: Called Strike 2-2: SINGLE (Line Drive, 56)
|
Batting: RHB Zander Tremblett
|
0-0: Ball 1-0: Called Strike Kel Pierce steals 2nd base 1-1: SINGLE (Groundball, 6MD) Kel Pierce to third Runner from 3rd tries for Home, SAFE, no throw
|
Batting: RHB Troy Lau
|
0-0: Ball 1-0: Called Strike 1-1: Called Strike 1-2: Strikes out swinging
|
Bottom of the 3rd over - 1 run(s), 2 hit(s), 0 error(s), 1 left on base; New York 2 - Niagara Falls 1 |
TOP OF THE 4TH |
New York Knights batting - Pitching for Niagara Falls Frenzy : RHP Otis Sykes
|
Batting: LHB Mike Harris
|
0-0: Ball 1-0: Called Strike 1-1: Ball 2-1: Ball 3-1: Base on Balls
|
Batting: RHB Jacob Pope
|
0-0: Swinging Strike 0-1: Ball 1-1: Ball 2-1: Grounds into double play, 6-4-3 (Groundball, 6M)
|
Batting: LHB Dan Hamilton
|
0-0: Ball 1-0: Ball 2-0: Called Strike 2-1: SINGLE (Line Drive, 78S)
|
Batting: RHB Pepe Carrasco
|
0-0: Foul Ball, location: 2F 0-1: Foul Ball, location: 2F 0-2: Ball 1-2: Foul Ball, location: 2F 1-2: Ball 2-2: Ball 3-2: Base on Balls Dan Hamilton to second
|
Batting: LHB Warren Potter
|
0-0: Called Strike 0-1: Ball 1-1: Called Strike 1-2: Foul Ball, location: 2F 1-2: Ground out 6-3 (Groundball, 6M)
|
Top of the 4th over - 0 run(s), 1 hit(s), 0 error(s), 2 left on base; New York 2 - Niagara Falls 1 |
BOTTOM OF THE 4TH |
Niagara Falls Frenzy batting - Pitching for New York Knights : RHP Elton Johnston
|
Batting: LHB Clyde Yarbrough
|
0-0: Foul Ball, location: 2F 0-1: Fly out, F5 (Line Drive, 56)
|
Batting: RHB Anastasio Villa
|
0-0: Foul Ball, location: 2F 0-1: Ball 1-1: Ball 2-1: Called Strike 2-2: DOUBLE (Line Drive, 7LM)
|
Batting: LHB Yasuhiko Onodera
|
0-0: Called Strike 0-1: Ball 1-1: DOUBLE (Groundball, 5L) Anastasio Villa scores
|
Batting: SHB Héctor Padilla
|
0-0: Swinging Strike 0-1: Foul Ball, location: 2F 0-2: Fly out, F7 (Flyball, 78M)
|
Batting: RHB Jung-ha Kim
|
0-0: Called Strike 0-1: Fly out, F7 (Line Drive, 7S)
|
Bottom of the 4th over - 1 run(s), 2 hit(s), 0 error(s), 1 left on base; New York 2 - Niagara Falls 2 |
TOP OF THE 5TH |
New York Knights batting - Pitching for Niagara Falls Frenzy : RHP Otis Sykes
|
Batting: RHB Vic Langlois
|
0-0: Fly out, F9 (Flyball, 9LS)
|
Batting: RHB Lonnie Anderson
|
0-0: Swinging Strike 0-1: Ground out 4-3 (Groundball, 4)
|
Batting: RHB Felipe Rodríguez
|
0-0: Ball 1-0: Swinging Strike 1-1: Ball 2-1: Foul Ball, location: 2F 2-2: Foul Ball, location: 2F 2-2: Ball 3-2: Base on Balls
|
Batting: RHB Ron Shelton
|
0-0: Fielders Choice at 2nd, U6 (Groundball, 6M)
|
Top of the 5th over - 0 run(s), 0 hit(s), 0 error(s), 1 left on base; New York 2 - Niagara Falls 2 |
BOTTOM OF THE 5TH |
Niagara Falls Frenzy batting - Pitching for New York Knights : RHP Elton Johnston
|
Batting: RHB Tomás Estrada
|
0-0: Ball 1-0: Called Strike 1-1: Fly out, F8 (Flyball, 8RM)
|
Batting: RHB Kel Pierce
|
0-0: Ball 1-0: Ball 2-0: Ground out 5-3 (Groundball, 5L)
|
Batting: RHB Zander Tremblett
|
0-0: Ball 1-0: Ball 2-0: Called Strike 2-1: Swinging Strike 2-2: Ball 3-2: Fly out, F8 (Flyball, 8RS)
|
Bottom of the 5th over - 0 run(s), 0 hit(s), 0 error(s), 0 left on base; New York 2 - Niagara Falls 2 |
TOP OF THE 6TH |
New York Knights batting - Pitching for Niagara Falls Frenzy : RHP Otis Sykes
|
Pitching: RHP Nathan Thornton
|
|
Batting: LHB Mike Harris
|
0-0: Swinging Strike 0-1: Called Strike 0-2: Strikes out looking
|
Batting: RHB Jacob Pope
|
0-0: Ball 1-0: Ball 2-0: Ball 3-0: Fly out, F2 (Popup, 23)
|
Batting: LHB Dan Hamilton
|
0-0: Swinging Strike 0-1: Ball 1-1: Ball 2-1: Swinging Strike 2-2: SINGLE (Groundball, 4MD)
|
Batting: RHB Pepe Carrasco
|
0-0: Ball Dan Hamilton steals 2nd base 1-0: Foul Ball, location: 2F 1-1: Swinging Strike 1-2: Ground out 1-3 (Groundball, 15S)
|
Top of the 6th over - 0 run(s), 1 hit(s), 0 error(s), 1 left on base; New York 2 - Niagara Falls 2 |
BOTTOM OF THE 6TH |
Niagara Falls Frenzy batting - Pitching for New York Knights : RHP Elton Johnston
|
Batting: RHB Troy Lau
|
0-0: Foul Ball, location: 2F 0-1: Ball 1-1: Foul Ball, location: 2F 1-2: Ball 2-2: Ball 3-2: Foul Ball, location: 2F 3-2: Base on Balls
|
Batting: LHB Clyde Yarbrough
|
0-0: Called Strike 0-1: Called Strike 0-2: 2-RUN HOME RUN (Flyball, 9D), Distance : 399 ft
|
Batting: RHB Anastasio Villa
|
0-0: Ball 1-0: Reached on error, E5 (Groundball, 56)
|
Batting: LHB Yasuhiko Onodera
|
0-0: Ball 1-0: Called Strike 1-1: Ball 2-1: Ball 3-1: Fly out, F7 (Flyball, 7LM)
|
Batting: SHB Héctor Padilla
|
0-0: Foul Ball, location: 2F 0-1: Ball 1-1: Foul Ball, location: 2F 1-2: Ball 2-2: Foul Ball, location: 2F 2-2: Strikes out swinging
|
Pitching: LHP Juan Ortíz
|
|
Batting: RHB Jung-ha Kim
|
0-0: Ball
|
|
|
|
1-0: Ball 2-0: Fly out, F7 (Line Drive, 7LM)
|
Bottom of the 6th over - 2 run(s), 1 hit(s), 1 error(s), 1 left on base; New York 2 - Niagara Falls 4 |
TOP OF THE 7TH |
New York Knights batting - Pitching for Niagara Falls Frenzy : RHP Nathan Thornton
|
Batting: LHB Warren Potter
|
0-0: Ground out 6-3 (Groundball, 6S)
|
Batting: RHB Vic Langlois
|
0-0: Ball 1-0: Called Strike 1-1: Swinging Strike 1-2: Fly out, F9 (Line Drive, 9)
|
Pitching: RHP Ricardo Pérez
|
|
Batting: RHB Lonnie Anderson
|
0-0: Ground out 6-3 (Groundball, 6)
|
Top of the 7th over - 0 run(s), 0 hit(s), 0 error(s), 0 left on base; New York 2 - Niagara Falls 4 |
BOTTOM OF THE 7TH |
Niagara Falls Frenzy batting - Pitching for New York Knights : LHP Juan Ortíz
|
Batting: RHB Tomás Estrada
|
0-0: Ground out 5-3 (Groundball, 56S)
|
Batting: RHB Kel Pierce
|
0-0: Called Strike 0-1: Foul Ball, location: 2F 0-2: Foul Ball, location: 2F 0-2: Strikes out swinging
|
Batting: RHB Zander Tremblett
|
0-0: Called Strike 0-1: SINGLE (Groundball, 6D)
|
Batting: RHB Troy Lau
|
0-0: Foul Ball, location: 2F 0-1: Foul Ball, location: 2F 0-2: Ball 1-2: Ground out 4-3 (Groundball, 4M)
|
Bottom of the 7th over - 0 run(s), 1 hit(s), 0 error(s), 1 left on base; New York 2 - Niagara Falls 4 |
TOP OF THE 8TH |
New York Knights batting - Pitching for Niagara Falls Frenzy : RHP Ricardo Pérez
|
Batting: RHB Felipe Rodríguez
|
0-0: Ball 1-0: Ball 2-0: Swinging Strike 2-1: Fly out, F9 (Flyball, 9LM)
|
Batting: RHB Ron Shelton
|
0-0: Swinging Strike 0-1: Foul Ball, location: 2F 0-2: Ground out 6-3 (Groundball, 56)
|
Batting: LHB Mike Harris
|
0-0: Ground out 4-3 (Groundball, 4)
|
Top of the 8th over - 0 run(s), 0 hit(s), 0 error(s), 0 left on base; New York 2 - Niagara Falls 4 |
BOTTOM OF THE 8TH |
Niagara Falls Frenzy batting - Pitching for New York Knights : LHP Juan Ortíz
|
Batting: LHB Clyde Yarbrough
|
0-0: Ball 1-0: Ball 2-0: Called Strike 2-1: Foul Ball, location: 2F 2-2: SINGLE (Groundball, 34D)
|
Pitching: RHP James Jones
|
|
Batting: RHB Anastasio Villa
|
0-0: Called Strike 0-1: Ball 1-1: Ball 2-1: Foul Ball, location: 2F 2-2: Fly out, F7 (Flyball, 78S)
|
Pitching: LHP Steven England
|
|
Batting: LHB Yasuhiko Onodera
|
0-0: Called Strike 0-1: Ball 1-1: Ball 2-1: Fly out, F7 (Line Drive, 78S)
|
Pitching: RHP Tony Meyer
|
|
Batting: SHB Héctor Padilla
|
0-0: Ball 1-0: Called Strike 1-1: Swinging Strike 1-2: Ball 2-2: Strikes out swinging
|
Bottom of the 8th over - 0 run(s), 1 hit(s), 0 error(s), 1 left on base; New York 2 - Niagara Falls 4 |
TOP OF THE 9TH |
New York Knights batting - Pitching for Niagara Falls Frenzy : RHP Ricardo Pérez
|
Pitching: RHP Kimitada Takai
|
|
Batting: RHB Jacob Pope
|
0-0: Called Strike 0-1: Ball 1-1: Ball 2-1: SINGLE (Groundball, 34D)
|
Pinch Hitting: SHB Marvin Harris
|
0-0: Swinging Strike 0-1: Ball 1-1: Grounds into double play, 4-6-3 (Groundball, 4)
|
Batting: RHB Pepe Carrasco
|
0-0: Foul Ball, location: 2F 0-1: Fly out, F8 (Flyball, 8RD)
|
Top of the 9th over - 0 run(s), 1 hit(s), 0 error(s), 0 left on base; New York 2 - Niagara Falls 4 |
|
Tuesday, August 8th, 2017 - OOTP Baseball 17.12 Build 75
|
|